 Dungeon Crawl Stone Soup version 0.27-a0-1188-g73eefd5def (webtiles) character file.

Game seed: 10005017040419715791

140 chippings the Cudgeller (level 5, 0/41 HPs)
             Began as a Demonspawn Gladiator on May 20, 2021.
             Slain by an orc wizard
             ... wielding a +0 dagger
              (3 damage)
             ... on level 3 of the Dungeon.
             The game lasted 00:02:57 (1819 turns).

chippings the Cudgeller (Demonspawn Gladiator)      Turns: 1819, Time: 00:02:58

Health: 0/41       AC:  4    Str: 16    XL:     5   Next: 2%
Magic:  5/5        EV: 12    Int:  9    God:
Gold:   53         SH:  0    Dex: 14    Spells: 4/4 levels left

rFire    . . .     SeeInvis .   a - +0 flail
rCold    . . .     Faith    .   (no shield)
rNeg     . . .     Spirit   .   b - +0 leather armour
rPois    .         Reflect  .   c - +0 helmet
rElec    .         Harm     .   (no cloak)
rCorr    .         Rampage  .   (no gloves)
Will     .....                  (no boots)
Stlth    +.........             (no amulet)
HPRegen  0.13/turn              (no ring)
MPRegen  0.09/turn              (no ring)

@: confused
A: hooves 1, condensation shield, demonic magic 1
a: no special abilities


You were on level 3 of the Dungeon.
You visited 1 branch of the dungeon, and saw 3 of its levels.

You collected 53 gold pieces.

Inventory:

Hand Weapons
 a - a +0 flail (weapon)
Missiles
 d - 3 throwing nets (quivered)
Armour
 b - a +0 leather armour (worn)
 c - a +0 helmet (worn)
Jewellery
 f - a +6 ring of dexterity
Scrolls
 h - 2 scrolls of blinking {unknown}
 i - a scroll of identify {unknown}
 k - 2 scrolls of fear {unknown}
 m - a scroll of noise {unknown}
 n - a scroll of enchant armour {unknown}
Potions
 e - a potion of curing {unknown}
 g - a potion of brilliance {unknown}
 j - a potion of heal wounds
 l - a potion of mutation {unknown}
 o - a potion of invisibility {unknown}


   Skills:
 + Level 3.3 Fighting
 * Level 4.5 Maces & Flails
 - Level 1.7 Throwing
 - Level 2.6 Dodging


You had 4 spell levels left.
You didn't know any spells.
Your spell library was empty.

Dungeon Overview and Level Annotations

Branches:
Dungeon (3/15)

Altars:

Annotations:
D:2 1 runed translucent door, Crazy Yiuf


Innate Abilities, Weirdness & Mutations

You have large cloven feet.
A meltable shield of frost defends you. (SH +0)
Spells you cast may paralyse adjacent enemies.


Message History

The orc wizard points at itself and mumbles some strange words.
The orc wizard flickers and vanishes!
Deactivating autopickup; reactivate with Ctrl-A.
There is a stone staircase leading up here.
You barely miss the orc priest. You kick the orc priest.
The orc priest is moderately wounded.
A magic dart appears from out of thin air!
The magic dart hits you.
The orc priest hits you but does no damage.
Something completely misses you.
You closely miss the orc priest.
The orc priest is moderately wounded.
The orc priest hits you but does no damage.
Something barely misses you.
You hit the orc priest. You kick the orc priest.
The orc priest is severely wounded.
The orc priest barely misses you. Something hits you but does no damage.
The orc priest invokes the aid of Beogh against you.
Pain shoots through your body!
You closely miss the orc priest.
The orc priest is severely wounded.
Something hits you. The orc priest hits you with a +0 club.
You hit the orc priest but do no damage.
The orc priest is severely wounded.
You hear some strange, mumbled words.
You are confused.
The orc priest barely misses you.
You hear some strange, mumbled words.
A puff of flame appears from out of thin air!
The puff of flame hits you.
Your condensation shield dissipates!
The orc priest barely misses you.
There is a stone staircase leading up here.
You miss the orc priest. Your kick misses the orc priest.
The orc priest is severely wounded.
The orc priest calls down the wrath of Beogh upon you.
Beogh smites you!
* * * LOW HITPOINT WARNING * * *
Something hits you.
You die...

♣♣# # ♣♣≈≈.). .#
♣P≈P≈≈... ##### ###.#
♣♣♣≈PPPP≈.###..@###...#
♣♣P≈≈≈≈≈≈P≈....#o....#.#
≈≈≈≈≈≈≈≈≈P≈♣#....#.#...#
≈≈≈≈≈≈≈≈≈≈≈≈♣.####...#.#
≈≈≈≈≈≈≈≈≈o≈≈♣.# #.#...#
≈≈≈≈≈≈≈≈≈≈≈...# #...#.#
...†....o.....# ##.#...#
≈≈≈P≈≈≈≈≈≈≈.≈##
#....#.##
≈≈≈P≈≈≈≈P≈≈.≈≈#
#..#....#


You could see an orc priest.

Vanquished Creatures
  A hound (D:3)
  An orc priest (D:2)
  Jessica (D:2)
  A dart slug (D:1)
  2 orcs (D:3)
  4 ball pythons
  3 endoplasms
  2 giant cockroaches (D:1)
  5 goblins
  3 hobgoblins
  4 jackals (D:1)
  2 quokkas (D:2)
  5 bats
  4 frilled lizards
  6 kobolds
  5 rats
49 creatures vanquished.

Vanquished Creatures (others)
  6 plants (D:3)
6 creatures vanquished.

Grand Total: 55 creatures vanquished

Notes
Turn   | Place    | Note
-------+----------+-------------------------------------------
     0 | D:1      | chippings the Demonspawn Gladiator began the quest for the
                  | Orb.
     0 | D:1      | Reached XP level 1. HP: 16/16 MP: 1/1
    41 | D:1      | Reached skill level 3 in Maces & Flails
    42 | D:1      | Gained mutation: You have large cloven feet. [demonic
                  | ancestry]
    42 | D:1      | Reached XP level 2. HP: 22/22 MP: 2/2
   504 | D:2      | Reached XP level 3. HP: 26/28 MP: 3/3
   560 | D:2      | Found a runed translucent door.
   561 | D:2      | Noticed Crazy Yiuf
   681 | D:2      | Noticed Jessica
   688 | D:2      | Killed Jessica
   952 | D:2      | Reached skill level 4 in Maces & Flails
   955 | D:2      | Gained mutation: Spells you cast may paralyse adjacent
                  | enemies. [demonic ancestry]
   955 | D:2      | Reached XP level 4. HP: 32/34 MP: 4/4
  1587 | D:2      | Gained mutation: A meltable shield of frost defends you.
                  | (SH +0) [demonic ancestry]
  1587 | D:2      | Reached XP level 5. HP: 12/41 MP: 5/5
  1819 | D:3      | Slain by an orc wizard

Illustrated notes

Levels and vault maps discovered:
D:1:      nzn_arrival_crosshair, layout_basic
D:2:      layout_basic, uniq_jessica, uniq_crazy_yiuf_cottage
D:3:      layout_loops_corners, pf_just_have_faith, portal_sewer_entry_b,
          roderic_malta_cross, minmay_misc_feat_pillars, grunt_decor_fettered,
          hangedman_decor_growths, serial_bayou_lagoon_b

Skill      XL: |  1  2  3  4 |
---------------+-------------+-----
Maces & Flails | 3 4 |  4.5
Fighting       | 3 |  3.3
Throwing       | |  1.7
Dodging        | |  2.6

Action                   |  1- 3 |  4- 6 || total
-------------------------+-------+-------++-------
Melee: Flail             |    77 |    36 ||   113
       Kick              |    16 |    10 ||    26
  Use: Potion            |       |     2 ||     2
 Stab: Sleeping          |     3 |       ||     3
Armor: Leather armour    |    36 |    10 ||    46
Dodge: Dodged            |    61 |    18 ||    79

Table legend: (Time is in decaauts)
 A = Elapsed time spent in this place.
 B = Non-inter-level travel time spent in this place.
 C = Inter-level travel time spent in this place.
 D = Time resting spent in this place.
 E = Time spent auto-exploring this place.
 F = Levels seen in this place.
 G = Mean time per level.
                   A        B        C        D        E       F      G
               +--------+--------+--------+--------+--------+-----+--------+
         Total |   1847 |   1793 |     54 |    221 |   1040 |   3 |  615.7 |
       Dungeon |   1847 |   1793 |     54 |    221 |   1040 |   3 |  615.7 |
               +--------+--------+--------+--------+--------+-----+--------+

Top non-repeatable levels by time:
     D:2: 1277 daAuts
     D:1: 469 daAuts
     D:3: 100 daAuts
